AoeStats
← BottleDry

Arena

508972690Analyzed
4v4 RM · 7d ago on Sep 24, 2026· 58m 36s· 8 players
Game mode
Random Map
Map size
Large (8 player)
Population
200
Speed
Normal
Resources
Standard
Victory
Conquest
Starting age
Dark Age
Ending age
Imperial Age
RankedLock teamsTeams togetherTeam positionsShared explorationLock speedFull tech treeHidden civsTurbo modeCheats
Victory
Defeat
🇹🇷 Italians · Türkiye
1093
+11
🇮🇪 Varangians · Ireland
1025
+14
🇺🇦 Slavs · Ukraine
997
+15
🇺🇸 Saxons · United States
979
+15
🇨🇴 Lithuanians · Colombia
1051
-17
🇨🇴 Khmer · Colombia
986
-14
🇨🇴 Danes · Colombia
985
-14
🇨🇴 Magyars · Colombia
869
-10
TheIrishMan
13:52 Feudal Age
12:12 Loom
13:59 Feudal Age
15:20 Double-Bit Axe
18:18 Castle Age
16:11 Horse Collar
21:34 Loom
24:49 Imperial Age
24:38 Scale Barding Armor
25:47 Stone Mining
26:57 Heavy Plow
30:42 Chain Barding Armor
31:38 Wheelbarrow
31:50 Conscription
33:03 Bow Saw
32:50 Gold Mining
34:09 Chemistry
33:04 Fletching
33:16 Padded Archer Armor
34:07 Hand Cart
34:15 Husbandry
34:26 Bloodlines
34:59 Plate Barding Armor
34:33 Cranequins
35:10 Elite Varangian Guard
35:51 Squires
35:37 Gambesons
35:58 Scale Mail Armor
36:09 Forging
35:56 Bodkin Arrow
36:31 Gothikon
37:46 Chain Mail Armor
38:07 Iron Casting
40:52 Plate Mail Armor
40:41 Arson
41:55 Siege Engineers
42:56 Crop Rotation
43:27 Two-Man Saw
43:13 Man-at-Arms
43:19 Pikeman
43:58 Halberdier
47:32 Stone Shaft Mining
46:25 Long Swordsman
51:03 Bracer
52:05 Blast Furnace
BottleDry
9:49 Loom
12:59 Feudal Age
17:09 Castle Age
15:03 Double-Bit Axe
15:02 Horse Collar
15:14 Gold Mining
15:44 Stone Mining
17:19 Man-at-Arms
17:45 Gambesons
18:02 Squires
17:48 Arson
25:55 Heavy Plow
26:41 Wheelbarrow
26:42 Bow Saw
27:01 Scale Mail Armor
27:00 Fletching
27:24 Forging
29:20 Clerical Recruitment
31:33 Iron Casting
31:15 Chain Mail Armor
34:12 Imperial Age
31:49 Town Watch
32:19 Hand Cart
33:14 Fletching
33:27 Town Patrol
35:27 Plate Mail Armor
35:20 Conscription
34:29 Capped Ram
34:52 Shield Wall
35:41 Bodkin Arrow
36:09 Elite Hearth Troop
39:18 Guilds
42:41 Onager
45:52 Atonement
46:02 Redemption
46:13 Sanctity
45:53 Devotion
47:01 Pikeman
48:47 Bracer
48:53 Scale Barding Armor
48:51 Padded Archer Armor
48:37 Halberdier
48:48 Heavy Scorpion
49:15 Elite Varangian Guard
54:23 Gold Shaft Mining
55:37 Chemistry
57:47 Siege Engineers
58:03 Ballistics
57:25 Siege Ram
TaniaTequilaFromDushanbe
7:26 Loom
11:01 Feudal Age
11:49 Double-Bit Axe
11:48 Horse Collar
19:04 Castle Age
18:38 Forging
18:30 Scale Mail Armor
20:20 Chain Mail Armor
19:51 Pikeman
20:56 Squires
21:08 Town Watch
22:30 Wheelbarrow
24:07 Bow Saw
25:09 Fortified Wall
25:55 Hand Cart
26:16 Masonry
26:01 Fletching
27:08 Heavy Plow
27:13 Bodkin Arrow
28:31 Iron Casting
28:59 Gold Mining
28:59 Stone Mining
30:50 Gold Shaft Mining
30:59 Ballistics
34:31 Imperial Age
33:04 Detinets
34:33 Halberdier
35:46 Conscription
36:04 Hoardings
35:49 Siege Engineers
35:40 Murder Holes
39:09 Scale Barding Armor
40:47 Bloodlines
40:38 Husbandry
41:41 Blast Furnace
43:49 Capped Ram
49:47 Crop Rotation
54:43 Plate Mail Armor
58:32 Siege Ram
R1D1
5:08 Loom
11:24 Feudal Age
15:32 Castle Age
13:28 Double-Bit Axe
13:25 Horse Collar
13:47 Gold Mining
14:17 Stone Mining
23:57 Wheelbarrow
28:47 Imperial Age
26:24 Fletching
27:19 Hand Cart
28:11 Bow Saw
28:07 Heavy Plow
28:46 Stone Shaft Mining
28:17 Bodkin Arrow
28:23 Padded Archer Armor
29:13 Town Watch
29:58 Ballistics
29:49 Masonry
29:36 Murder Holes
30:33 Town Patrol
31:23 Thumb Ring
31:43 Conscription
34:06 Two-Man Saw
33:39 Crop Rotation
33:47 Bracer
34:49 Chemistry
34:21 Architecture
33:32 Treadmill Crane
34:23 Elite Skirmisher
35:06 Elite Genoese Crossbowman
35:56 Scale Barding Armor
35:51 Scale Mail Armor
36:26 Leather Archer Armor
36:21 Squires
36:07 Arson
36:59 Chain Barding Armor
36:49 Forging
39:25 Plate Barding Armor
38:53 Husbandry
39:04 Bloodlines
39:34 Hoardings
39:44 Ring Archer Armor
39:33 Fortified Wall
39:04 Light Cavalry
41:34 Iron Casting
40:24 Hussar
41:46 Caravan
41:56 Guilds
49:21 Blast Furnace
48:21 Scale Mail Armor
51:02 Chain Mail Armor
53:21 Cavalier
57:05 Plate Mail Armor
Alkimista666
11:12 Feudal Age
9:30 Loom
14:25 Double-Bit Axe
17:19 Castle Age
15:15 Double-Bit Axe
25:04 Town Watch
27:37 Stone Mining
29:15 Wheelbarrow
28:43 Town Patrol
28:58 Corvinian Army
30:25 Scale Mail Armor
34:02 Imperial Age
32:20 Horse Collar
32:35 Gold Mining
32:59 Bow Saw
33:20 Hand Cart
34:12 Gold Shaft Mining
34:16 Chain Mail Armor
34:55 Scale Barding Armor
34:50 Padded Archer Armor
34:41 Fletching
35:00 Recurve Bow
35:21 Conscription
37:33 Chemistry
36:54 Ballistics
36:29 Murder Holes
37:40 Caravan
38:10 Coinage
37:23 Treadmill Crane
37:54 Masonry
38:07 Chain Barding Armor
38:03 Leather Archer Armor
39:35 Hoardings
38:41 Sappers
40:27 Ring Archer Armor
39:54 Bodkin Arrow
40:34 Plate Barding Armor
40:22 Heavy Plow
40:12 Elite Magyar Huszar
43:06 Banking
43:52 Bracer
56:26 Heavy Cavalry Archer
57:31 Parthian Tactics
divineslain
5:06 Loom
11:41 Feudal Age
13:20 Double-Bit Axe
13:18 Horse Collar
16:02 Castle Age
17:56 Bow Saw
30:45 Imperial Age
29:19 Wheelbarrow
29:04 Forging
28:54 Scale Mail Armor
29:03 Scale Barding Armor
30:03 Elite Skirmisher
30:48 Thumb Ring
30:37 Fletching
30:47 Padded Archer Armor
31:13 Bodkin Arrow
31:14 Elite Varangian Guard
32:44 Bracer
33:00 Leather Archer Armor
34:22 Heated Shot
34:58 Arson
35:14 Squires
34:59 Gambesons
37:01 Ring Archer Armor
37:07 Iron Casting
36:48 Chain Mail Armor
37:38 Chemistry
36:59 Ballistics
48:54 Onager
JoseAli
10:38 Feudal Age
14:13 Castle Age
12:30 Double-Bit Axe
13:18 Horse Collar
15:37 Bow Saw
22:29 Loom
25:19 Wheelbarrow
24:43 Town Watch
25:12 Gold Mining
25:30 Stone Mining
27:46 Fletching
28:49 Gold Shaft Mining
28:52 Heavy Plow
29:22 Murder Holes
29:41 Husbandry
29:52 Bloodlines
30:28 Hand Cart
33:44 Imperial Age
31:05 Light Cavalry
32:14 Ballistics
32:26 Bodkin Arrow
32:32 Padded Archer Armor
32:38 Scale Barding Armor
32:46 Forging
32:17 Elite Skirmisher
34:12 Stone Shaft Mining
34:30 Double Crossbow
34:51 Conscription
36:19 Chemistry
41:12 Hussar
43:10 Crop Rotation
51:36 Iron Casting
51:22 Chain Barding Armor
51:03 Bracer
51:18 Leather Archer Armor
risaca_6
11:05 Feudal Age
12:24 Double-Bit Axe
15:11 Castle Age
13:24 Horse Collar
16:58 Bow Saw
17:36 Heavy Plow
25:55 Wheelbarrow
26:27 Loom
27:55 Bloodlines
32:14 Imperial Age
30:05 Husbandry
30:12 Scale Barding Armor
31:06 Squires
30:26 Pikeman
31:19 Forging
31:35 Scale Mail Armor
33:08 Iron Casting
32:43 Cavalier
33:55 Chain Barding Armor
34:00 Conscription
34:10 Halberdier
36:38 Crop Rotation
36:40 Stone Mining
36:40 Gold Mining
37:05 Arson
38:31 Two-Man Saw
38:10 Plate Barding Armor
37:51 Chain Mail Armor
39:40 Gold Mining
40:33 Paladin
Connection lost

Rejoining the realm…

Still unreachable

The connection could not be restored.

Session expired

The server has moved on; the page needs a fresh start.